 Dungeon Sprint DCSS version 0.27-a0-1006-g1fd4cec11e (webtiles) character file.

Game seed: 322562948831025180

94612 mhtbhm the Archmage (level 15, -4/75 HPs)
             Began as a Deep Elf Fire Elementalist on Apr 17, 2021.
             Was the Champion of Vehumet.
             Killed from afar by a storm dragon (24 damage)
             ... with a bolt of lightning
             ... in the Dungeon (Sprint V: "Ziggurat Sprint").
             The game lasted 00:19:54 (2295 turns).

mhtbhm the Archmage (Deep Elf Fire Elementalist)    Turns: 2295, Time: 00:19:54

Health: -4/75      AC:  8    Str: 13    XL:     15   Next: 64%
Magic:  39/48      EV: 16    Int: 40    God:    Vehumet [******]
Gold:   0          SH:  5    Dex: 11    Spells: 2/68 levels left

rFire    + + +     SeeInvis .   s - +8 lance "Wyrmbane" {slay drac, rPois rF+ rC+ AC+3}
rCold    + + +     Faith    .   (no shield)
rNeg     + + +     Spirit   .   a - +0 robe
rPois    +         Reflect  +   (no helmet)
rElec    .         Harm     .   Q - scarf {rC+ rF+}
rCorr    .         Rampage  .   R - +1 pair of gloves of the Evening Star {rC+ Str+4 Int+3 Stlth-}
Will     +....     NoTele   +   B - +0 pair of boots {Stlth+}
Stlth    ++++......             K - amulet "Zeujetug" {Reflect rF++ Str+4 SH+5 Stlth+}
HPRegen  0.22/turn              u - +6 ring of intelligence
MPRegen  0.31/turn              F - ring "Kaqiffyd" {Wiz rPois rN+++ Int+4 Dex-4}

@: studying 2 skills
A: no striking features
a: Renounce Religion


You were in the Dungeon.
You worshipped Vehumet.
Vehumet was exalted by your worship.
You visited 1 branch

Inventory:

Hand Weapons
 s - the +8 lance "Wyrmbane" (weapon) {slay drac, rPois rF+ rC+ AC+3}
   (You found it in the Dungeon)

   It affects your AC (+3).
   It protects you from fire.
   It protects you from cold.
   It protects you from poison.
Missiles
 k - 2 throwing nets
Armour
 a - a +0 robe (worn)
 B - a +0 pair of boots of stealth (worn)
 Q - a scarf of resistance (worn)
 R - the +1 pair of gloves of the Evening Star (worn) {rC+ Str+4 Int+3 Stlth-}
   (You found it in the Dungeon)

   It affects your strength (+4).
   It affects your intelligence (+3).
   It protects you from cold.
   It makes you less stealthy.
Jewellery
 u - a +6 ring of intelligence (left hand)
 F - the ring "Kaqiffyd" (right hand) {Wiz rPois rN+++ Int+4 Dex-4}
   (You found it in the Dungeon)

   [ring of wizardry]

   It improves your spell success rate.
   It affects your intelligence (+4).
   It affects your dexterity (-4).
   It protects you from poison.
   It renders you almost immune to negative energy.
 K - the amulet "Zeujetug" (around neck) {Reflect rF++ Str+4 SH+5 Stlth+}
   (You found it in the Dungeon)

   [amulet of reflection]

   It reflects blocked missile attacks.
   It affects your strength (+4).
   It greatly protects you from fire.
   It affects your SH (+5).
   It makes you more stealthy.
 L - the ring "Plog" {rC++ rCorr Str-4 Slay+2 SInv}
   (You found it in the Dungeon)

   [ring of resist corrosion]

   It affects your strength (-4).
   It affects your accuracy and damage with ranged weapons and melee attacks
   (+2).
   It greatly protects you from cold.
   It lets you see invisible.
   It protects you from acid and corrosion.
 M - the ring "Ziurhoza" {+Blink rElec AC+4 Int+6 Stlth-}
   (You found it in the Dungeon)

   [ring of protection]

   It affects your AC (+4).
   It affects your intelligence (+6).
   It insulates you from electricity.
   It lets you blink.
   It makes you less stealthy.
Wands
 x - a wand of flame (18)
 y - a wand of mindburst (3)
Scrolls
 h - 4 scrolls of blinking
 m - 3 scrolls of amnesia
 n - 7 scrolls of fog
 o - 2 scrolls of holy word
 p - 3 scrolls of identify
 q - 2 scrolls of fear
 H - 5 scrolls of brand weapon
Potions
 b - 2 potions of brilliance
 c - 10 potions of curing
 d - 11 potions of heal wounds
 e - 14 potions of haste
 f - 7 potions of magic
 g - 3 potions of berserk rage
 i - 2 potions of invisibility
 j - 4 potions of resistance
 l - 5 potions of might
 t - a potion of attraction
 w - a potion of lignification
Miscellaneous
 r - a lightning rod (4/4)
 C - a piece from Xom's chessboard (15/15)
 D - a piece from Xom's chessboard (15/15)
 E - a tin of tremorstones (2/2)
 I - a phantom mirror
 J - a condenser vane
 N - a piece from Xom's chessboard (15/15)
 O - a box of beasts


   Skills:
 + Level 1.7 Fighting
 + Level 0.2(0.3) Short Blades
 + Level 0.2(0.3) Long Blades
 + Level 0.1(2.5) Axes
 + Level 0.1(0.2) Maces & Flails
 + Level 3.8 Polearms
 + Level 0.2(3.1) Staves
 + Level 0.3(0.5) Slings
 + Level 0.4 Bows
 + Level 0.2 Crossbows
 + Level 0.5(0.7) Throwing
 + Level 0.1 Armour
 + Level 12.3 Dodging
 - Level 6.0 Stealth
 + Level 0.1 Shields
 + Level 0.3 Unarmed Combat
 O Level 27 Spellcasting
 + Level 15.8 Conjurations
 + Level 0.8 Hexes
 + Level 0.5 Summonings
 + Level 0.3 Necromancy
 + Level 0.3 Translocations
 + Level 0.3 Transmutations
 O Level 27 Fire Magic
 + Level 0.5 Ice Magic
 + Level 0.2 Air Magic
 * Level 5.2 Earth Magic
 + Level 0.3 Poison Magic
 + Level 0.3 Invocations
 + Level 16.5 Evocations


You had 2 spell levels left.
You knew the following spells:

 Your Spells              Type           Power      Damage    Failure   Level
a - Foxfire               Conj/Fire      100%       2x1d9     0%          1
b - Shatter               Erth           38%        3d30*     94%         9
c - Inner Flame           Hex/Fire       100%       N/A       0%          3
d - Sticky Flame          Conj/Fire      100%       2d11      0%          4
e - Fireball              Conj/Fire      61%        3d23      0%          5
f - Ignition              Fire           66%        3d18      1%          8
g - Fire Storm            Conj/Fire      61%        8d16      1%          9
h - Lehudib's Crystal Sp  Conj/Erth      47%        10d11     3%          8
i - Chain Lightning       Conj/Air       43%        N/A       9%          8
j - Bolt of Magma         Conj/Fire/Erth 55%        4d22      0%          5
k - Iron Shot             Conj/Erth      47%        9d9       1%          6

Your spell library contained the following spells:

 Spells                   Type           Power      Damage    Failure   Level
 Ozocubu's Refrigeration  Ice            28%        4d10      21%         7
 Magic Dart               Conj           100%       1d8       0%          1
 Shock                    Conj/Air       100%       1d9       0%          1
 Static Discharge         Conj/Air       87%        N/A       0%          2
 Animate Skeleton         Necr           100%       N/A       1%          1
 Corona                   Hex            63%        N/A       1%          1
 Pain                     Necr           100%       1d9       1%          1
 Sandblast                Erth           100%       2d20      1%          1
 Sting                    Tmut/Pois      100%       1d8       1%          1
 Summon Small Mammal      Summ           100%       N/A       1%          1
 Blink                    Tloc           N/A        N/A       1%          2
 Call Imp                 Summ           55%        N/A       1%          2
 Ensorcelled Hibernation  Hex/Ice        100%       N/A       1%          2
 Passwall                 Tmut/Erth      55%        N/A       1%          2
 Poisonous Vapours        Pois/Air       100%       N/A       1%          2
 Slow                     Hex            57%        N/A       1%          2
 Sublimation of Blood     Necr           27%        N/A       1%          2
 Conjure Flame            Conj/Fire      100%       6-21      0%          3
 Ignite Poison            Fire/Tmut/Pois 91%        N/A       0%          3
 Stone Arrow              Conj/Erth      100%       3d13      0%          3
 Starburst                Conj/Fire      61%        8x6d16    0%          6
 Confusing Touch          Hex            57%        N/A       1%          3
 Dazzling Flash           Conj/Hex       100%       N/A       1%          3
 Gell's Gravitas          Tloc           27%        N/A       1%          3
 Lesser Beckoning         Tloc           27%        N/A       1%          3
 Mephitic Cloud           Conj/Pois/Air  78%        N/A       1%          3
 Portal Projectile        Hex/Tloc       100%       N/A       1%          3
 Summon Guardian Golem    Hex/Summ       56%        N/A       1%          3
 Swiftness                Air            54%        N/A       1%          3
 Teleport Other           Tloc           54%        N/A       1%          3
 Vampiric Draining        Necr           27%        2d9       1%          3
 Airstrike                Air            27%        N/A       1%          4
 Animate Dead             Necr           27%        N/A       1%          4
 Cause Fear               Hex            28%        N/A       1%          4
 Iskenderun's Mystic Bla  Conj/Tloc      87%        2d17      1%          4
 Leda's Liquefaction      Hex/Erth       34%        N/A       1%          4
 Olgreb's Toxic Radiance  Pois           54%        N/A       1%          4
 Passage of Golubria      Tloc           N/A        N/A       1%          4
 Petrify                  Tmut/Erth      66%        N/A       1%          4
 Summon Ice Beast         Ice/Summ       55%        N/A       1%          4
 Summon Lightning Spire   Summ/Air       55%        N/A       1%          4
 Borgnjor's Vile Clutch   Necr/Erth      33%        N/A       1%          5
 Irradiate                Conj/Tmut      43%        3d28      1%          5
 Lee's Rapid Deconstruct  Erth           38%        3d20*     1%          5
 Lightning Bolt           Conj/Air       43%        1d63      1%          5
 Yara's Violent Unravell  Hex/Tmut       27%        3d12      1%          5
 Conjure Ball Lightning   Conj/Air       43%        3x3d15    1%          6
 Freezing Cloud           Conj/Ice/Air   39%        6-21      1%          6
 Orb of Destruction       Conj           55%        9d16      1%          7
 Spellforged Servitor     Conj/Summ      44%        N/A       1%          7
 Metabolic Englaciation   Hex/Ice        28%        N/A       2%          5
 Silence                  Hex/Air        27%        N/A       2%          5
 Summon Forest            Summ/Tloc      27%        N/A       2%          5
 Agony                    Necr           54%        N/A       3%          5
 Alistair's Intoxication  Tmut/Pois      36%        N/A       3%          5
 Manifold Assault         Tloc           54%        N/A       3%          5
 Eringya's Noxious Bog    Tmut/Pois      27%        N/A       4%          6
 Statue Form              Tmut/Erth      44%        N/A       6%          6
 Blade Hands              Tmut           27%        N/A       16%         6
 Death Channel            Necr           27%        N/A       16%         6
 Dispersal                Tloc           27%        N/A       16%         6
 Simulacrum               Ice/Necr       27%        N/A       16%         6
 Haunt                    Necr/Summ      27%        N/A       61%         7
 Malign Gateway           Summ/Tloc      27%        N/A       61%         7
 Monstrous Menagerie      Summ           27%        N/A       61%         7
 Dragon Form              Tmut           27%        N/A       65%         7
 Disjunction              Tloc           27%        N/A       99%         8
 Summon Horrible Things   Summ           27%        N/A       99%         8
 Absolute Zero            Ice            28%        ∞         100%        9
 Tornado                  Air            27%        N/A       100%        9


Dungeon Overview and Level Annotations

Branches:
Dungeon (1/1)

Altars:
Ashenzari
Cheibriados
Dithmenos
Elyvilon
Fedhas
Gozag
Hepliaklqana
Kikubaaqudgha
Makhleb
Nemelex Xobeh
Okawaru
Qazlal
Ru
Sif Muna
Trog
Uskayaw
Vehumet
Wu Jian
Xom
Yredelemnul
Zin
The Shining One
Beogh
Jiyva
Lugonu


Message History

The storm dragon is heavily wounded.
The storm dragon roars deafeningly!
The great blast of fire engulfs the spriggan air mage!!!!
You kill the spriggan air mage!
Vehumet accepts your kill.
Vehumet offers you knowledge of Ozocubu's Refrigeration.
The great blast of fire engulfs the storm dragon!!!
The storm dragon is severely wounded.
The storm dragon roars deafeningly!
The great blast of fire engulfs the wind drake!!!
The wind drake is almost dead.
The wind drake hisses angrily.
The storm dragon roars deafeningly! x2
You hear an angry hiss.
You hear a shout! x2; You hear an angry hiss.
An air elemental comes into view.
A vortex of raging winds appears around the air elemental! x2
An electric golem comes into view.
The air elemental is engulfed in blazing flames.
A vortex of raging winds appears around the air elemental!
The storm dragon breathes lightning at you.
The bolt of lightning hits your fire vortex!
Your fire vortex resists.
The bolt of lightning hits you!!
The air elemental hits your fire vortex.
The storm dragon breathes lightning at you.
The bolt of lightning hits the storm dragon.
The storm dragon completely resists.
The bolt of lightning hits the air elemental.
The air elemental completely resists.
The bolt of lightning hits you!!
* * * LOW HITPOINT WARNING * * *
A wind drake comes into view.
The electric golem is engulfed in blazing flames.
A wind drake comes into view.
The air elemental is engulfed in blazing flames.
The storm dragon breathes lightning at you.
The bolt of lightning hits the air elemental.
The air elemental completely resists.
The bolt of lightning hits your fire vortex!
Your fire vortex resists.
The bolt of lightning hits you!!
You die...

▓......8
..}Dk○D○DDE§§k§
▓..))..}
....DvE8○v§§§§§
▓..)}})|
.....v☼☼☼vE§.§§
▓......)
....E☼☼○☼v§§§§§
▓.......
.....○○vv.E§§§§
▓.......
.............☼.
▓.......
...............
▓.......
.......@.......
▓.......
...............
▓.......
..▓.........▓..
...▓...
▓▓.......▓▓
..▓.▓..
..▓.........▓..
...▓...
...............
.......
.......©.......
.......
▓▓▓▓▓▓▓▓▓▓▓▓▓▓▓
▓▓▓▓▓▓▓▓
▓......8


You could see an electric golem, 5 storm dragons, 2 wind drakes, 5 air
elementals and 7 friendly fire vortices.

Vanquished Creatures
  3 acid blobs (D)
  2 tentacled starspawn (D)
  2 nagarajas (D)
  A rockslime (D)
  A fire giant (D)
  A frost giant (D)
  2 azure jellies (D)
  A balrug (D)
  A very ugly thing (D)
  A reaper (D)
  2 stone giants (D)
  3 merfolk javelineers (D)
  3 merfolk impalers (D)
  A hydra (D)
  A rakshasa (D)
  3 naga warriors (D)
  A great orb of eyes (D)
  A boulder beetle (D)
  2 anacondas (D)
  2 alligator snapping turtles (D)
  3 spriggan air magi (D)
  A satyr (D)
  9 two-headed ogres (D)
  A spriggan berserker (D)
  2 thrashing horrors (D)
  A soul eater (D)
  A skeletal warrior (D)
  2 sea snakes (D)
  A glowing orange brain (D)
  A spriggan druid (D)
  3 shining eyes (D)
  A manticore (D)
  11 cyclopes (D)
  2 worldbinders (D)
  A merfolk siren (D)
  4 black mambas (D)
  2 smoke demons (D)
  A guardian serpent (D)
  2 naga magi (D)
  2 eyes of devastation (D)
  5 cane toads (D)
  2 hellions (D)
  An orange demon (D)
  A rime drake (D)
  A komodo dragon (D)
  An ice devil (D)
  A demonic crawler (D)
  An ancient zyme (D)
  A wind drake (D)
  3 trolls (D)
  A red devil (D)
  A jumping spider (D)
  7 merfolk (D)
  A raiju (D)
  A blink frog (D)
  13 slime creatures (D)
  2 snapping turtles (D)
  3 large abominations (D)
  A tarantella (D)
  3 shadows (D)
  A spriggan (D)
  Sigmund (D)
  2 ynoxinuls (D)
  A fire bat (D)
  A basilisk (D)
  4 wraiths (D)
  2 yaks (D)
  4 nagas (D)
  A hell hound (D)
  9 water moccasins (D)
  7 orc warriors (D)
  2 black bears (D)
  2 necrophages (D)
  5 ogres (D)
  4 wolves (D)
  3 phantoms (D)
  Blork the orc (D)
  3 bullfrogs (D)
  4 small abominations (D)
  3 scorpions (D)
  A wight (D)
  2 quasits (D)
  A jelly (D)
  Crazy Yiuf (D)
  7 orc priests (D)
  5 iron imps (D)
  Jessica (D)
  5 orc wizards (D)
  4 adders (D)
  A shadow imp (D)
  3 white imps (D)
  2 ufetubi (D)
  3 adder zombies (D)
  An adder skeleton (D)
  An orc (D)
  2 bat skeletons (D)
  A bat zombie (D)
  3 ball pythons (D)
  A giant cockroach zombie (D)
  A jackal simulacrum (D)
  A jackal zombie (D)
  A lurking horror (D)
  2 starspawn tentacles (D)
245 creatures vanquished.

Vanquished Creatures (others)
  5 fire vortices (D)
5 creatures vanquished.

Grand Total: 250 creatures vanquished

Notes
Turn   | Place    | Note
-------+----------+-------------------------------------------
     0 | D        | mhtbhm the Deep Elf Fire Elementalist began the quest for
                  | the Orb.
     0 | D        | Reached XP level 1. HP: 10/10 MP: 6/6
     0 | D        | Found a blossoming altar of Fedhas.
     1 | D        | Found the +6 Majin-Bo {vamp, MP+6 Int+6}
     1 | D        | Found the +9 heavy crossbow "Sniper" {vorpal, Acc+∞ SInv}
     1 | D        | Found the +10 dark maul {vorpal}
     1 | D        | Found the +15 Maxwell's patent armour {-Cast -Tele rElec
                  | Will+ rCorr}
     1 | D        | Found the +18 shield of the Gong {rElec rN+ Will+ EV-5}
     1 | D        | Found the +14 obsidian axe {vorpal, Drain Fly SInv}
     1 | D        | Found the +7 great mace "Firestarter" {inner flame, rF++}
     1 | D        | Found the +6 shillelagh "Devastator" {shatter}
     1 | D        | Found the +11 plutonium sword {Contam Stlth-}
     1 | D        | Found the +8 lance "Wyrmbane" {slay drac, rPois rF+ rC+
                  | AC+3}
     1 | D        | Found the +9 sword of Zonguldrok {reap}
     1 | D        | Found the +13 scythe of Curses {drain, Drain}
     1 | D        | Found the +5 sword of Power {vorpal}
     1 | D        | Found the +7 mace of Variability {chain chaos}
     1 | D        | Found the +7 Singing Sword {vorpal, sonic wave}
     1 | D        | Found the +8 storm bow {elec, penet}
     1 | D        | Found a shimmering blue altar of Sif Muna.
     1 | D        | Found a sacrificial altar of Ru.
     1 | D        | Found a bloodstained altar of Trog.
     1 | D        | Found a stormy altar of Qazlal.
     1 | D        | Found an iron altar of Okawaru.
     1 | D        | Found a sparkling altar of Nemelex Xobeh.
     3 | D        | Found a transporter.
     3 | D        | Found an ancient bone altar of Kikubaaqudgha.
     3 | D        | Found a viscous altar of Jiyva.
     3 | D        | Found a corrupted altar of Lugonu.
     3 | D        | Found a hazy altar of Hepliaklqana.
     3 | D        | Found a burning altar of Makhleb.
     3 | D        | Found an opulent altar of Gozag.
    29 | D        | Became a worshipper of Vehumet
    59 | D        | Entered arena 2.
    59 | D        | Noticed a water moccasin
    59 | D        | Found a transporter.
    62 | D        | Reached XP level 2. HP: 11/15 MP: 6/8
    62 | D        | Killed a water moccasin
    63 | D        | Reached skill level 5 in Dodging
    63 | D        | Reached skill level 5 in Spellcasting
    63 | D        | Reached skill level 1 in Evocations
    63 | D        | Reached XP level 3. HP: 14/19 MP: 7/12
    63 | D        | Reached XP level 4. HP: 18/24 MP: 7/13
    67 | D        | Learned a level 3 spell: Conjure Flame
    71 | D        | Learned a level 3 spell: Inner Flame
    76 | D        | Learned a level 4 spell: Sticky Flame
   130 | D        | Entered arena 3.
   130 | D        | Found a transporter.
   131 | D        | Reached * piety under Vehumet
   131 | D        | Offered knowledge of Freeze by Vehumet.
   132 | D        | Reached XP level 5. HP: 28/28 MP: 14/16
   152 | D        | Learned a level 5 spell: Fireball
   156 | D        | Entered arena 4.
   156 | D        | Noticed Sigmund
   156 | D        | Noticed Jessica
   156 | D        | Noticed Blork the orc
   156 | D        | Noticed Crazy Yiuf
   156 | D        | Found a transporter.
   157 | D        | Killed Crazy Yiuf
   157 | D        | Reached ** piety under Vehumet
   157 | D        | Killed Jessica
   158 | D        | Reached skill level 5 in Stealth
   158 | D        | Killed Blork the orc
   159 | D        | Reached skill level 10 in Fire Magic
   159 | D        | Reached XP level 6. HP: 28/32 MP: 7/19
   160 | D        | Killed Sigmund
   264 | D        | Entered arena 5.
   264 | D        | Found a transporter.
   265 | D        | Offered knowledge of Magic Dart by Vehumet.
   265 | D        | Reached *** piety under Vehumet
   267 | D        | Reached XP level 7. HP: 36/36 MP: 17/21
   329 | D        | Entered arena 6.
   329 | D        | Noticed a tarantella
   329 | D        | Noticed a jumping spider
   329 | D        | Found a transporter.
   330 | D        | Reached **** piety under Vehumet
   331 | D        | Reached skill level 10 in Spellcasting
   332 | D        | Killed a tarantella
   333 | D        | Reached XP level 8. HP: 41/41 MP: 12/24
   334 | D        | Killed a jumping spider
   334 | D        | Reached ***** piety under Vehumet
   428 | D        | Entered arena 7.
   428 | D        | Noticed a large abomination
   428 | D        | Noticed an orange demon
   430 | D        | Offered knowledge of Ignite Poison by Vehumet.
   430 | D        | Killed an orange demon
   431 | D        | Reached skill level 5 in Conjurations
   432 | D        | Killed a large abomination
   433 | D        | Found a transporter.
   479 | D        | Entered arena 8.
   480 | D        | Reached ****** piety under Vehumet
   481 | D        | Reached skill level 5 in Evocations
   482 | D        | Reached skill level 1 in Polearms
   482 | D        | Reached skill level 15 in Fire Magic
   482 | D        | Reached XP level 9. HP: 45/45 MP: 23/27
   505 | D        | Found a transporter.
   511 | D        | Got the Handbook of the Volcanoes and Weightlessness
   517 | D        | Got the amulet "Zeujetug" {Reflect rF++ Str+4 SH+5 Stlth+}
   539 | D        | Entered arena 9.
   539 | D        | Noticed an ice devil
   544 | D        | Killed an ice devil
   546 | D        | Found a transporter.
   555 | D        | Got the ring "Xyeczoub" {*Corrode rElec rN+ Int+2 Dex+6}
   608 | D        | Entered arena 10.
   609 | D        | Identified the +0 ring mail of Midwinter {Str+2 Dex+2}
   609 | D        | Identified the +9 short sword of the Black Skies {vamp,
                  | Will+}
   609 | D        | Offered knowledge of Frozen Ramparts by Vehumet.
   686 | D        | Found a transporter.
   693 | D        | Got the Incunabulum of Creative Clay
   697 | D        | Got the ring "Plog" {rC++ rCorr Str-4 Slay+2 SInv}
   733 | D        | Learned a level 8 spell: Ignition
   894 | D        | Entered arena 11.
   895 | D        | Identified the ring of Poyt {rF+ rC+ Str+6 Slay-6}
   895 | D        | Offered knowledge of Hailstorm by Vehumet.
   896 | D        | Found a transporter.
   908 | D        | Got the amulet "Sidghable" {Reflect rF+ Str+3 Slay-6 SH+5}
   940 | D        | Entered arena 12.
   940 | D        | Noticed a reaper
   942 | D        | Noticed a skeletal warrior
   943 | D        | Killed a reaper
   944 | D        | Reached skill level 1 in Fighting
   944 | D        | Reached skill level 15 in Spellcasting
   944 | D        | Reached XP level 10. HP: 47/52 MP: 17/31
   946 | D        | Killed a skeletal warrior
   947 | D        | Reached skill level 10 in Conjurations
   953 | D        | Found a transporter.
  1072 | D        | Got the Disquisition on the Icy Entourage
  1087 | D        | Entered arena 13.
  1087 | D        | Noticed a nagaraja
  1088 | D        | Noticed a black mamba
  1088 | D        | Offered knowledge of Orb of Destruction by Vehumet.
  1088 | D        | Killed a black mamba
  1088 | D        | Noticed a naga mage
  1089 | D        | Killed a naga mage
  1089 | D        | Killed a nagaraja
  1089 | D        | Noticed a naga warrior
  1090 | D        | Reached XP level 11. HP: 57/57 MP: 25/34
  1090 | D        | Noticed a naga warrior
  1092 | D        | Killed a naga warrior
  1092 | D        | Killed a naga warrior
  1111 | D        | Found a transporter.
  1218 | D        | Entered arena 14.
  1219 | D        | Noticed a frost giant
  1219 | D        | Noticed a two-headed ogre
  1219 | D        | Noticed a two-headed ogre
  1220 | D        | Noticed a two-headed ogre
  1220 | D        | Noticed a stone giant
  1220 | D        | Noticed a stone giant
  1221 | D        | Killed a two-headed ogre
  1221 | D        | Killed a two-headed ogre
  1221 | D        | Killed a frost giant
  1221 | D        | Killed a stone giant
  1222 | D        | Killed a two-headed ogre
  1222 | D        | Killed a stone giant
  1223 | D        | Reached XP level 12. HP: 62/62 MP: 31/38
  1249 | D        | Found a transporter.
  1294 | D        | Entered arena 15.
  1295 | D        | Noticed a spriggan air mage
  1296 | D        | Noticed a spriggan air mage
  1297 | D        | Offered knowledge of Ozocubu's Refrigeration by Vehumet.
  1297 | D        | Killed a spriggan air mage
  1298 | D        | Killed a spriggan air mage
  1299 | D        | Found a transporter.
  1305 | D        | Got the ring "Ziurhoza" {+Blink rElec AC+4 Int+6 Stlth-}
  1338 | D        | Entered arena 16.
  1339 | D        | Noticed a naga warrior
  1339 | D        | Noticed a nagaraja
  1340 | D        | Noticed an anaconda
  1340 | D        | Killed an anaconda
  1340 | D        | Killed an anaconda
  1341 | D        | Killed a nagaraja
  1341 | D        | Killed a naga warrior
  1343 | D        | Found a transporter.
  1355 | D        | Got the amulet "Fiurph" {rElec Regen+ Str-4 SInv Stlth+}
  1389 | D        | Learned a level 9 spell: Fire Storm
  1396 | D        | Entered arena 17.
  1400 | D        | Noticed a boulder beetle
  1400 | D        | Noticed an eight-headed hydra
  1401 | D        | Killed a boulder beetle
  1401 | D        | Killed an eight-headed hydra
  1402 | D        | Reached XP level 13. HP: 66/66 MP: 41/43
  1402 | D        | Found a transporter.
  1414 | D        | Got Mirizeal's Incunabulum of Earth and Lightness
  1419 | D        | Got the ring "Kaqiffyd" {Wiz rPois rN+++ Int+4 Dex-4}
  1447 | D        | Learned a level 8 spell: Lehudib's Crystal Spear
  1460 | D        | Learned a level 8 spell: Chain Lightning
  1461 | D        | Entered arena 18.
  1464 | D        | Noticed a balrug
  1465 | D        | Offered knowledge of Bolt of Magma by Vehumet.
  1469 | D        | Killed a balrug
  1618 | D        | Found a transporter.
  1631 | D        | Got the ring of Feje {Wiz rPois Dex+5}
  1640 | D        | Got the +1 pair of gloves of the Evening Star {rC+ Str+4
                  | Int+3 Stlth-}
  1660 | D        | Reached XP level 14. HP: 71/71 MP: 45/45
  1691 | D        | Learned a level 5 spell: Bolt of Magma
  1694 | D        | Entered arena 19.
  1697 | D        | Noticed a fire giant
  1698 | D        | Offered knowledge of Iron Shot by Vehumet.
  1699 | D        | Reached skill level 10 in Evocations
  1702 | D        | Killed a fire giant
  1704 | D        | Reached skill level 27 in Spellcasting
  1798 | D        | Found a transporter.
  1807 | D        | Got the ring of Music {Fly rC+ rN+ Int-5}
  1811 | D        | Got the Grimoire of Harmful Heat
  1816 | D        | Got Jusmuteh's Papyrus of the Traveller
  1873 | D        | Learned a level 6 spell: Iron Shot
  1884 | D        | Entered arena 20.
  1891 | D        | Found the +12 glaive of Prune {vorpal}
  1891 | D        | Offered knowledge of Iskenderun's Battlesphere by Vehumet.
  1892 | D        | Reached skill level 10 in Dodging
  1892 | D        | Identified the +7 short sword "Xarumaf" {protect, rPois rF-
                  | Will+ Int+5}
  1900 | D        | Found a transporter.
  1984 | D        | Got the ring "Mudaguc" {rC++ Will- Dex+5 Slay+4}
  1991 | D        | Got Wuahecw's Incunabulum of Dislocation and Combat Magic
  2057 | D        | Entered arena 21.
  2061 | D        | Noticed a cyan very ugly thing
  2062 | D        | Offered knowledge of Yara's Violent Unravelling by Vehumet.
  2062 | D        | Noticed a tentacled starspawn
  2063 | D        | Reached XP level 15. HP: 75/75 MP: 48/48
  2064 | D        | Reached skill level 1 in Earth Magic
  2064 | D        | Killed a tentacled starspawn
  2071 | D        | Noticed a tentacled starspawn
  2074 | D        | Killed a tentacled starspawn
  2075 | D        | Reached skill level 27 in Fire Magic
  2122 | D        | Found the +8 trident of the Octopus King {venom, rElec
                  | rPois Will+}
  2122 | D        | Found a transporter.
  2129 | D        | Got the ring "Zoisujal" {rN+ Dex+6}
  2153 | D        | Got the Guide on Warped Evil
  2175 | D        | Acquired the Collected Works on Combat Magic
  2180 | D        | Entered arena 22.
  2184 | D        | Noticed an acid blob
  2184 | D        | Noticed a rockslime
  2185 | D        | Noticed an azure jelly
  2185 | D        | Noticed an acid blob
  2186 | D        | Killed an acid blob
  2186 | D        | Killed an azure jelly
  2186 | D        | Killed an acid blob
  2186 | D        | Noticed an azure jelly
  2187 | D        | Killed an acid blob
  2188 | D        | Reached skill level 15 in Conjurations
  2188 | D        | Reached skill level 15 in Evocations
  2188 | D        | Killed an azure jelly
  2189 | D        | Reached skill level 5 in Earth Magic
  2190 | D        | Killed a rockslime
  2227 | D        | Found a transporter.
  2278 | D        | Learned a level 9 spell: Shatter
  2288 | D        | Entered arena 23.
  2294 | D        | Noticed a storm dragon
  2294 | D        | Noticed a storm dragon
  2294 | D        | Noticed a storm dragon
  2294 | D        | Noticed a storm dragon
  2295 | D        | Offered knowledge of Ozocubu's Refrigeration by Vehumet.
  2295 | D        | Noticed an electric golem
  2295 | D        | Killed from afar by a storm dragon

Illustrated notes

Levels and vault maps discovered:
D:        sprint_v [room_start, room_1, room_2, room_3, room_4, room_5, room_6,
          room_7, room_8, room_9, room_10, room_11, room_12, room_13, room_14,
          room_15, room_16, room_17, room_18, room_19, room_20, room_21,
          room_22, room_23, room_24, room_25, room_26, room_27]

Skill      XL: |  1  2  3  4  5  6  7  8  9 10 11 12 13 14 15 |
---------------+----------------------------------------------+-----
Dodging        | 3 5 6 7 8 9 10 12 | 12.3
Fire Magic     | 4 7 8 10 11 13 15 16 17 19 21 22 25 27 | 27.0
Stealth        | 4 5 6 |  6.0
Spellcasting   | 5 6 8 9 10 12 15 17 20 24 25 27 | 27.0
Evocations     | 1 2 3 4 5 6 7 8 9 12 16 | 16.5
Conjurations   | 2 4 6 9 10 12 15 | 15.8
Polearms       | 1 3 |  3.8
Fighting       | 1 |  1.7
Earth Magic    | 5 |  5.2
Short Blades   | |  0.2
Long Blades    | |  0.2
Axes           | |  0.1
Maces & Flails | |  0.1
Staves         | |  0.2
Slings         | |  0.3
Bows           | |  0.4
Crossbows      | |  0.2
Throwing       | |  0.5
Armour         | |  0.1
Shields        | |  0.1
Unarmed Combat | |  0.3
Hexes          | |  0.8
Summonings     | |  0.5
Necromancy     | |  0.3
Translocations | |  0.3
Transmutations | |  0.3
Ice Magic      | |  0.5
Air Magic      | |  0.2
Poison Magic   | |  0.3
Invocations    | |  0.3

Action                   |  1- 3 |  4- 6 |  7- 9 | 10-12 | 13-15 || total
-------------------------+-------+-------+-------+-------+-------++-------
Melee: Lance             |       |       |     8 |       |       ||     8
 Cast: Fireball          |       |     4 |    24 |     3 |       ||    31
       Sticky Flame      |       |       |     1 |       |       ||     1
       Ignition          |       |       |     2 |     9 |    19 ||    30
       Fire Storm        |       |       |       |       |     5 ||     5
       Iron Shot         |       |       |       |       |     4 ||     4
       Lehudib's Crystal |       |       |       |       |     1 ||     1
Evoke: Wand              |     3 |     4 |     1 |     2 |     8 ||    18
       Tin of tremorston |       |       |     1 |     1 |       ||     2
       Lightning rod     |       |       |       |     4 |     1 ||     5
       Condenser vane    |       |       |       |       |     1 ||     1
  Use: Scroll            |       |       |     2 |       |     2 ||     4
       Potion            |       |       |       |       |     4 ||     4
Armor: Robe              |       |     1 |     1 |       |     1 ||     3
Dodge: Dodged            |       |       |     8 |     2 |     6 ||    16

Table legend: (Time is in decaauts)
 A = Elapsed time spent in this place.
 B = Non-inter-level travel time spent in this place.
 C = Inter-level travel time spent in this place.
 D = Time resting spent in this place.
 E = Time spent auto-exploring this place.
 F = Levels seen in this place.
 G = Mean time per level.
                   A        B        C        D        E       F      G
               +--------+--------+--------+--------+--------+-----+--------+
         Total |   2326 |   2326 |      0 |   1165 |      0 |   1 | 2326.0 |
       Dungeon |   2326 |   2326 |      0 |   1165 |      0 |   1 | 2326.0 |
               +--------+--------+--------+--------+--------+-----+--------+

Top non-repeatable levels by time:
       D: 2326 daAuts
